EVO
UNIVERSITY OF MICHIGAN WOLVERINES @ UNIVERSITY OF ILLINOIS FIGHTING ILLINI
09/27/2047
 
TOP OF THE 1ST
University of Michigan Wolverines batting - Pitching for University of Illinois Fighting Illini : RHP Dante Taylor
Pitching: RHP Dante Taylor
Batting: LHB Carlos Guajardo 0-0: Fly out, F9 (Flyball, 9, EV 86.9 MPH)
Batting: LHB Javier Cajina 0-0: Ball
1-0: Ground out 5-3 (Groundball, 5, EV 82.5 MPH)
Batting: LHB Dakota Kaempf 0-0: Ball
1-0: Called Strike
1-1: Fly out, F7 (Flyball, 78S, EV 82.5 MPH)
Top of the 1st over - 0 runs, 0 hits, 0 errors, 0 left on base; University of Michigan 0 - University of Illinois 0
BOTTOM OF THE 1ST
University of Illinois Fighting Illini batting - Pitching for University of Michigan Wolverines : RHP Jose Palacio
Pitching: RHP Jose Palacio
Batting: SHB Josh Thomson 0-0: Ball
1-0: Foul Ball, location: 2F
1-1: Ball
2-1: Ball
3-1: Base on Balls
Batting: RHB Edwardo Tanchez 0-0: Ball
Josh Thomson steals 2nd base
1-0: Ball
2-0: Called Strike
2-1: Ball
3-1: Base on Balls
Batting: LHB Alex Rivera 0-0: SINGLE (Groundball, 34D, EV 94.4 MPH)
Josh Thomson to third
Edwardo Tanchez to second
Batting: RHB Caleb Dean 0-0: Ball
1-0: Ball
2-0: Grounds into double play, 5-4-3 (Groundball, 56, EV 100.6 MPH)
Josh Thomson scores
Edwardo Tanchez to third
Batting: RHB Qian Tai 0-0: Fly out, F8 (Flyball, 8RM, EV 99.4 MPH)
Bottom of the 1st over - 1 run, 1 hit, 0 errors, 1 left on base; University of Michigan 0 - University of Illinois 1
TOP OF THE 2ND
University of Michigan Wolverines batting - Pitching for University of Illinois Fighting Illini : RHP Dante Taylor
Batting: RHB Mitsuhiro Kobayashi 0-0: Ball
1-0: Foul Ball, location: 2F
1-1: Ground out 6-3 (Groundball, 6, EV 81.9 MPH)
Batting: SHB J.D. Newman 0-0: Ball
1-0: SINGLE (Groundball, 34S, EV 64.4 MPH) (infield hit)
Batting: RHB Michael Patterson 0-0: Swinging Strike
0-1: Called Strike
0-2: Ball
1-2: Ball
2-2: Fielders Choice at 2nd, 2-6 (Groundball, 2R, EV 71.9 MPH)
Batting: RHB Ben Follett 0-0: Foul Ball, location: 2F
0-1: Ball
1-1: Foul Ball, location: 2F
1-2: Fly out, F8 (Flyball, 8LM, EV 89.4 MPH)
Top of the 2nd over - 0 runs, 1 hit, 0 errors, 1 left on base; University of Michigan 0 - University of Illinois 1
BOTTOM OF THE 2ND
University of Illinois Fighting Illini batting - Pitching for University of Michigan Wolverines : RHP Jose Palacio
Batting: SHB Adonis Jones 0-0: Ball
1-0: Called Strike
1-1: Ball
2-1: Foul Ball, location: 2F
2-2: Strikes out swinging
Batting: RHB Bobby Raya 0-0: Called Strike
0-1: Foul Ball, location: 2F
0-2: Ground out 5-3 (Groundball, 5, EV 110.0 MPH)
Batting: RHB Kyle Verkamp 0-0: Ball
1-0: Ball
2-0: Fly out, F6 (Line Drive, 6MD, EV 71.2 MPH)
Bottom of the 2nd over - 0 runs, 0 hits, 0 errors, 0 left on base; University of Michigan 0 - University of Illinois 1
TOP OF THE 3RD
University of Michigan Wolverines batting - Pitching for University of Illinois Fighting Illini : RHP Dante Taylor
Batting: RHB Jeremy Marin 0-0: SINGLE (Groundball, 4M, EV 96.9 MPH)
Batting: SHB Raul Herrera 0-0: Foul Ball, location: 2F
0-1: Ball
1-1: Ball
2-1: SINGLE (Line Drive, 89S, EV 89.4 MPH)
Jeremy Marin to second
Runner from 2nd tries for 3rd, OUT! 9-5
Batting: LHB Carlos Guajardo 0-0: Ball
1-0: Ball
2-0: Ball
3-0: Called Strike
3-1: Base on Balls
Raul Herrera to second
Batting: LHB Javier Cajina 0-0: Fly out, F7 (Line Drive, 7S, EV 92.5 MPH)
Batting: LHB Dakota Kaempf 0-0: Called Strike
0-1: Ball
1-1: Swinging Strike
1-2: Fly out, F8 (Flyball, 8LM, EV 86.2 MPH)
Top of the 3rd over - 0 runs, 2 hits, 0 errors, 2 left on base; University of Michigan 0 - University of Illinois 1
BOTTOM OF THE 3RD
University of Illinois Fighting Illini batting - Pitching for University of Michigan Wolverines : RHP Jose Palacio
Batting: LHB Salvador Ramos 0-0: Ball
1-0: Foul Ball, location: 2F
1-1: Ball
2-1: Ball
3-1: Base on Balls
Batting: SHB Josh Thomson 0-0: Called Strike
0-1: Ball
1-1: Ball
2-1: SINGLE (Groundball, 4M, EV 95.0 MPH)
Salvador Ramos to second
Batting: RHB Edwardo Tanchez 0-0: Fly out, F3 (Line Drive, 3L, EV 62.5 MPH)
Lined into DP, U3 (Line Drive, 3L, EV 68.8 MPH)
Batting: LHB Alex Rivera 0-0: Ball
1-0: Called Strike
1-1: Foul Ball, location: 2F
1-2: Ball
2-2: Ball
3-2: Foul Ball, location: 2F
3-2: Base on Balls
Batting: RHB Caleb Dean 0-0: Ball
1-0: Ball
2-0: Called Strike
2-1: Ground out 4-3 (Groundball, 4, EV 87.5 MPH)
Bottom of the 3rd over - 0 runs, 1 hit, 0 errors, 2 left on base; University of Michigan 0 - University of Illinois 1
TOP OF THE 4TH
University of Michigan Wolverines batting - Pitching for University of Illinois Fighting Illini : RHP Dante Taylor
Batting: RHB Mitsuhiro Kobayashi 0-0: Called Strike
0-1: Ball
1-1: Ball
2-1: Fly out, F9 (Flyball, 89S, EV 95.6 MPH)
Batting: SHB J.D. Newman 0-0: Reached on error, E3 (Groundball, 34, EV 81.9 MPH)
Batting: RHB Michael Patterson 0-0: Ball
1-0: Ball
2-0: Ball
3-0: Base on Balls
J.D. Newman to second
Batting: RHB Ben Follett 0-0: Fly out, F8 (Flyball, 8RM, EV 77.5 MPH)
Batting: RHB Jeremy Marin 0-0: Fly out, F8 (Flyball, 8LM, EV 75.0 MPH)
Top of the 4th over - 0 runs, 0 hits, 1 error, 2 left on base; University of Michigan 0 - University of Illinois 1
BOTTOM OF THE 4TH
University of Illinois Fighting Illini batting - Pitching for University of Michigan Wolverines : RHP Jose Palacio
Batting: RHB Qian Tai 0-0: Called Strike
0-1: Ball
1-1: Ball
2-1: Foul Ball, location: 2F
2-2: SINGLE (Groundball, 25, EV 70.6 MPH) (infield hit)
Batting: SHB Adonis Jones 0-0: Called Strike
0-1: Swinging Strike
0-2: Grounds into double play, 6-4-3 (Groundball, 6, EV 91.2 MPH)
Batting: RHB Bobby Raya 0-0: Fly out, F8 (Flyball, 8LS, EV 90.6 MPH)
Bottom of the 4th over - 0 runs, 1 hit, 0 errors, 0 left on base; University of Michigan 0 - University of Illinois 1
TOP OF THE 5TH
University of Michigan Wolverines batting - Pitching for University of Illinois Fighting Illini : RHP Dante Taylor
Batting: SHB Raul Herrera 0-0: Ball
1-0: Ball
2-0: Fly out, F9 (Flyball, 9, EV 90.0 MPH)
Batting: LHB Carlos Guajardo 0-0: Swinging Strike
0-1: Ball
1-1: Fly out, F8 (Flyball, 8RD, EV 91.2 MPH)
Batting: LHB Javier Cajina 0-0: Ball
1-0: Fly out, F8 (Flyball, 8RD, EV 99.4 MPH)
Top of the 5th over - 0 runs, 0 hits, 0 errors, 0 left on base; University of Michigan 0 - University of Illinois 1
BOTTOM OF THE 5TH
University of Illinois Fighting Illini batting - Pitching for University of Michigan Wolverines : RHP Jose Palacio
Batting: RHB Kyle Verkamp 0-0: Ground out 5-3 (Groundball, 56S, EV 91.2 MPH)
Batting: LHB Salvador Ramos 0-0: Ground out 4-3 (Groundball, 4S, EV 76.9 MPH)
Batting: SHB Josh Thomson 0-0: Ground out 1-3 (Groundball, 15S, EV 62.5 MPH)
Bottom of the 5th over - 0 runs, 0 hits, 0 errors, 0 left on base; University of Michigan 0 - University of Illinois 1
TOP OF THE 6TH
University of Michigan Wolverines batting - Pitching for University of Illinois Fighting Illini : RHP Dante Taylor
Batting: LHB Dakota Kaempf 0-0: Ball
1-0: Ball
2-0: Called Strike
2-1: SINGLE (Groundball, 34D, EV 108.1 MPH)
Batting: RHB Mitsuhiro Kobayashi 0-0: Called Strike
0-1: Ball
1-1: Called Strike
1-2: Ball
2-2: Ball
3-2: 2-RUN HOME RUN (Flyball, 7LD, EV 97.5 MPH), Distance : 338 ft
Batting: SHB J.D. Newman 0-0: Ball
1-0: Swinging Strike
1-1: Ball
2-1: Ball
3-1: Foul Ball, location: 2F
3-2: Fly out, F8 (Flyball, 8LD, EV 100.6 MPH)
Batting: RHB Michael Patterson 0-0: Called Strike
0-1: Foul Ball, location: 2F
0-2: SINGLE (Line Drive, 7S, EV 101.9 MPH)
Batting: RHB Ben Follett 0-0: Ball
1-0: Foul Ball, location: 2F
1-1: Ball
2-1: Ball
3-1: Base on Balls
Michael Patterson to second
Batting: RHB Jeremy Marin 0-0: Ball
1-0: Fielders Choice at 2nd, 6-4 (Groundball, 6, EV 83.8 MPH)
Michael Patterson to third
Pitching: RHP Steve Riley
Batting: SHB Raul Herrera 0-0: Ball
1-0: Called Strike
1-1: Called Strike
1-2: Ball
2-2: Foul Ball, location: 2F
2-2: Strikes out swinging
Top of the 6th over - 2 runs, 3 hits, 0 errors, 2 left on base; University of Michigan 2 - University of Illinois 1
BOTTOM OF THE 6TH
University of Illinois Fighting Illini batting - Pitching for University of Michigan Wolverines : RHP Jose Palacio
Batting: RHB Edwardo Tanchez 0-0: Foul Ball, location: 2F
0-1: Foul Ball, location: 2F
0-2: Strikes out swinging
Batting: LHB Alex Rivera 0-0: Swinging Strike
0-1: Ground out U3 (Groundball, 3, EV 95.6 MPH)
Batting: RHB Caleb Dean 0-0: Ball
1-0: Fly out, F9 (Flyball, 89D, EV 107.5 MPH)
Bottom of the 6th over - 0 runs, 0 hits, 0 errors, 0 left on base; University of Michigan 2 - University of Illinois 1
TOP OF THE 7TH
University of Michigan Wolverines batting - Pitching for University of Illinois Fighting Illini : RHP Steve Riley
Batting: LHB Carlos Guajardo 0-0: Swinging Strike
0-1: Ball
1-1: Ball
2-1: Fly out, F9 (Line Drive, 89S, EV 100.6 MPH)
Batting: LHB Javier Cajina 0-0: Ball
1-0: SINGLE (Flyball, 9S, EV 94.4 MPH)
Batting: LHB Dakota Kaempf 0-0: Grounds into double play, 4-6-3 (Groundball, 4, EV 107.5 MPH)
Top of the 7th over - 0 runs, 1 hit, 0 errors, 0 left on base; University of Michigan 2 - University of Illinois 1
BOTTOM OF THE 7TH
University of Illinois Fighting Illini batting - Pitching for University of Michigan Wolverines : RHP Jose Palacio
Pinch Hitting: LHB Antonio Sandoval 0-0: Ball
1-0: Swinging Strike
1-1: Foul Ball, location: 2F
1-2: Foul Ball, location: 2F
1-2: Foul Ball, location: 2F
1-2: Ball
2-2: Ball
3-2: Strikes out swinging, 2-3 out at first.
Batting: SHB Adonis Jones 0-0: Ball
1-0: Ball
2-0: Ball
3-0: Base on Balls
Pinch Hitting: SHB Dan Strickland 0-0: Called Strike
0-1: Ball
1-1: Swinging Strike
1-2: Ball
2-2: Strikes out swinging
Pinch Hitting: RHB Lance Borgen 0-0: Foul Ball, location: 2F
0-1: Fly out, F9 (Flyball, 89S, EV 95.6 MPH)
Bottom of the 7th over - 0 runs, 0 hits, 0 errors, 1 left on base; University of Michigan 2 - University of Illinois 1
TOP OF THE 8TH
University of Michigan Wolverines batting - Pitching for University of Illinois Fighting Illini : RHP Steve Riley
Now at 3B: Dan Strickland
Now in CF: Alex Ramos
Now in RF: Arnold Schuler
Batting: RHB Mitsuhiro Kobayashi 0-0: Called Strike
0-1: Ball
1-1: Ball
2-1: Swinging Strike
2-2: Strikes out swinging
Batting: SHB J.D. Newman 0-0: Called Strike
0-1: Ball
1-1: Ball
2-1: Foul Ball, location: 2F
2-2: SINGLE (Groundball, 4MD, EV 96.9 MPH)
Batting: RHB Michael Patterson 0-0: Called Strike
0-1: Called Strike
0-2: Ball
1-2: Foul Ball, location: 2F
1-2: Grounds into double play, 3-6-1 (Groundball, 3, EV 86.2 MPH)
Top of the 8th over - 0 runs, 1 hit, 0 errors, 0 left on base; University of Michigan 2 - University of Illinois 1
BOTTOM OF THE 8TH
University of Illinois Fighting Illini batting - Pitching for University of Michigan Wolverines : RHP Jose Palacio
Pitching: RHP Malcolm Petteway
Batting: LHB Salvador Ramos 0-0: Swinging Strike
0-1: Ball
1-1: Ball
2-1: Ball
3-1: Base on Balls
Batting: SHB Josh Thomson 0-0: Called Strike
0-1: Bunted foul
0-2: Reached on error, E5 (Groundball, 6S, EV 71.9 MPH)
Salvador Ramos to second
Batting: RHB Edwardo Tanchez 0-0: Ball
1-0: Called Strike
1-1: Ball
2-1: Grounds into double play, 6-4-3 (Groundball, 6, EV 86.2 MPH)
Salvador Ramos to third
Batting: LHB Alex Rivera 0-0: Ball
1-0: Ball
2-0: Called Strike
2-1: Ball
3-1: Foul Ball, location: 2F
3-2: Foul Ball, location: 2F
3-2: Base on Balls
Batting: RHB Caleb Dean 0-0: Called Strike
0-1: Ball
1-1: SINGLE (Line Drive, 7S, EV 106.2 MPH)
Salvador Ramos scores
Alex Rivera to second
Batting: RHB Arnold Schuler 0-0: Called Strike
0-1: 3-RUN HOME RUN (Flyball, 7D, EV 96.9 MPH), Distance : 370 ft
Pitching: LHP Dan Mclaren
Batting: SHB Adonis Jones 0-0: Ball
1-0: Ball
2-0: SINGLE (Groundball, 6MD, EV 105.0 MPH)
Batting: SHB Dan Strickland 0-0: 2-RUN HOME RUN (Flyball, 7D, EV 95.0 MPH), Distance : 368 ft
Batting: LHB Alex Ramos 0-0: Called Strike
0-1: Foul Ball, location: 2F
0-2: Ball
1-2: Ball
2-2: Fly out, F9 (Flyball, 9, EV 86.9 MPH)
Bottom of the 8th over - 6 runs, 4 hits, 1 error, 0 left on base; University of Michigan 2 - University of Illinois 7
TOP OF THE 9TH
University of Michigan Wolverines batting - Pitching for University of Illinois Fighting Illini : RHP Steve Riley
Pitching: LHP Willie Tirado
Batting: RHB Ben Follett 0-0: Ground out U3 (Groundball, 3, EV 102.5 MPH)
Batting: RHB Jeremy Marin 0-0: Ball
1-0: Ball
2-0: Foul Ball, location: 2F
2-1: Called Strike
2-2: Foul Ball, location: 2F
2-2: Strikes out swinging
Batting: SHB Raul Herrera 0-0: Ball
1-0: Ball
2-0: Ball
3-0: Called Strike
3-1: Base on Balls
Batting: LHB Carlos Guajardo 0-0: Ball
1-0: Called Strike
1-1: Ball
2-1: Ground out 4-3 (Groundball, 4, EV 85.6 MPH)
Top of the 9th over - 0 runs, 0 hits, 0 errors, 1 left on base; University of Michigan 2 - University of Illinois 7
Thursday, December 15th , 2022 - OOTP Baseball 23.9 Build 102